 Dungeon Crawl Stone Soup version 0.28-a0-793-g31680bbd8b (webtiles) character file.

Game seed: 8584408624644559262

170 gimp the Bolt Thrower (level 5, -2/41 HPs)
             Began as a Formicid Wanderer on Nov 4, 2021.
             Killed by divine providence
             ... invoked by an orc priest
              (14 damage)
             ... on level 4 of the Dungeon.
             The game lasted 00:06:06 (4905 turns).

gimp the Bolt Thrower (Formicid Wanderer)           Turns: 4905, Time: 00:06:06

Health: -2/41      AC: 10    Str: 19    XL:     5   Next: 80%
Magic:  6/6        EV:  7    Int: 11    God:
Gold:   103        SH:  4    Dex:  9    Spells: 6/6 levels left

rFire   . . .      SeeInvis +   a - +0 spear
rCold   . . .      Faith    .   l - +0 buckler
rNeg    . . .      Spirit   .   e - +0 chain mail
rPois   .          Reflect  .   (helmet unavailable)
rElec   .          Harm     .   (no cloak)
rCorr   .          Rampage  .   (no gloves)
Will    .....                   f - +0 pair of boots
Stlth   ..........              (no amulet)
HPRegen 0.13/turn               (no ring)
MPRegen 0.10/turn               (no ring)

@: no status effects
A: permanent stasis, dig shafts and tunnels, antennae 3, four strong arms
a: Dig, Shaft Self


You were on level 4 of the Dungeon.
You visited 1 branch of the dungeon, and saw 4 of its levels.

You collected 103 gold pieces.

Inventory:

Hand Weapons
 a - a +0 spear (weapon)
 b - a +0 dagger
 i - a +0 club
Missiles
 m - 44 bolts
 o - a throwing net
Armour
 e - a +0 chain mail (worn)
 f - a +0 pair of boots (worn)
 l - a +0 buckler (worn)
Scrolls
 c - 2 scrolls of fog {unknown}
 d - a scroll of identify {unknown}
 h - 2 scrolls of enchant weapon {unknown}
 k - a scroll of blinking {unknown}
 n - a scroll of acquirement {unknown}
 p - 2 scrolls of immolation {unknown}
 q - a scroll of noise {unknown}
 r - a scroll of teleportation {unknown}
Potions
 g - a potion of cancellation {unknown}
 j - a potion of berserk rage {unknown}


   Skills:
 - Level 3.1 Fighting
 - Level 4.0 Crossbows
 + Level 2.7 Armour
 - Level 2.4 Stealth
 * Level 3.8 Shields
 - Level 1.1 Spellcasting
 - Level 1.7 Conjurations


You had 6 spell levels left.
You didn't know any spells.
Your spell library contained the following spells:

 Spells                   Type           Power      Damage    Failure   Level
 Magic Dart               Conj           16%        1d3       88%         1
 Beastly Appendage        Tmut           0%         N/A       98%         1
 Slow                     Hex            0%         N/A       98%         1
 Call Imp                 Summ           0%         N/A       99%         2
 Ensorcelled Hibernation  Hex/Ice        0%         N/A       99%         2
 Conjure Flame            Conj/Fire      2%         6-21      100%        3
 Mephitic Cloud           Conj/Pois/Air  1%         N/A       100%        3
 Spider Form              Tmut/Pois      0%         N/A       100%        3
 Summon Guardian Golem    Hex/Summ       0%         N/A       100%        3
 Metabolic Englaciation   Hex/Ice        0%         N/A       100%        5
 Blink                    Tloc           Unusable   N/A       N/A         2

Dungeon Overview and Level Annotations

Branches:
Dungeon (4/15)
 Temple: D:4-7

Altars:
Dithmenos
Gozag
Makhleb
Qazlal
Uskayaw

Annotations:
D:2 1 runed translucent door, Crazy Yiuf


Innate Abilities, Weirdness & Mutations

You cannot be hasted, slowed, berserked, paralysed or teleported.
You can dig through walls and to a lower floor.
You have a pair of large antennae on your head. (SInv)
Your four strong arms can wield two-handed weapons with a shield.


Message History

An adder comes into view.
The orc priest calls down the wrath of Beogh upon you.
Pain shoots through your body!
You take 2 damage, and have 39/41 hp.
The adder hisses angrily.
You hit the orc priest.
The orc priest is lightly wounded.
The orc priest hits you but does no damage.
You barely miss the orc priest.
The orc priest is lightly wounded.
The orc priest invokes the aid of Beogh against you.
Beogh smites you!
You take 12 damage, and have 27/41 hp.
MASSIVE DAMAGE!!
You hit the orc priest.
The orc priest is heavily wounded.
The orc priest looks encouraged for a moment.
You hit the orc priest but do no damage.
The orc priest is heavily wounded.
The orc priest hits you but does no damage.
You hit the orc priest but do no damage.
The orc priest is heavily wounded.
The orc priest looks satisfied for a moment.
The adder barely misses you.
You hit the orc priest.
The orc priest is severely wounded.
The orc priest hits you but does no damage.
The adder bites you but does no damage.
You barely miss the orc priest.
The orc priest is severely wounded.
The adder bites you.
The orc priest invokes the aid of Beogh against you.
Pain shoots through your body!
* * * LOW HITPOINT WARNING * * *
You take 16 damage, and have 12/41 hp.
MASSIVE DAMAGE!!
You hit the orc priest but do no damage.
The orc priest is severely wounded.
The adder bites you but does no damage.
The orc priest mumbles some strange prayers to Beogh against you.
Beogh smites you!
You die...

... #................
...###................
...................#
............#.....###
..#........#........
#..[#............)
##).#.............
#<[##....S........
##)##...@.........
#..###...o........
#..##.............
.......#..........
8......####........
#####..# ..##.....
.... ..# ..... .....
...# ..... ..## ....


You could see an orc priest and an adder.

Vanquished Creatures
  An orc priest (D:4)
  An orc wizard (D:4)
  Robin (D:2)
  3 adders (D:2)
  A dart slug (D:2)
  7 orcs
  5 endoplasms
  7 hobgoblins
  4 jackals (D:2)
  5 quokkas
  7 ball pythons
  3 bats
  2 frilled lizards
  9 goblins
  6 kobolds
  3 rats
65 creatures vanquished.

Vanquished Creatures (others)
  A fungus (D:2)
1 creature vanquished.

Grand Total: 66 creatures vanquished

Notes
Turn   | Place    | Note
-------+----------+-------------------------------------------
     0 | D:1      | gimp the Formicid Wanderer began the quest for the Orb.
     0 | D:1      | gimp set off with the following items: a +0 club, a +0
                  | robe, a +0 dagger; and the following spells available to
                  | memorise: Magic Dart, Beastly Appendage, Slow, Call Imp,
                  | Conjure Flame, Mephitic Cloud, Spider Form
     0 | D:1      | Reached XP level 1. HP: 15/15 MP: 2/2
   509 | D:1      | Reached XP level 2. HP: 19/22 MP: 3/3
  1405 | D:2      | Reached skill level 1 in Armour
  1405 | D:2      | Reached XP level 3. HP: 23/28 MP: 4/4
  1524 | D:2      | Found a faded altar of an unknown god.
  1531 | D:2      | Got the Almanac of Fetching Summoning
  1902 | D:2      | Reached skill level 1 in Shields
  1910 | D:2      | Reached XP level 4. HP: 21/35 MP: 5/5
  2482 | D:2      | Found a runed translucent door.
  2483 | D:2      | Noticed Crazy Yiuf
  2724 | D:3      | Noticed Robin
  3113 | D:3      | HP: 1/35 [hobgoblin[Robin] (5)]
  3644 | D:2      | Killed Robin
  4080 | D:3      | Reached XP level 5. HP: 41/41 MP: 6/6
  4097 | D:3      | Found a burning altar of Makhleb.
  4175 | D:3      | Found a stormy altar of Qazlal.
  4177 | D:3      | Found a shadowy altar of Dithmenos.
  4178 | D:3      | Found a hide-covered altar of Uskayaw.
  4187 | D:3      | Found an opulent altar of Gozag.
  4905 | D:4      | Killed from afar by an orc priest

Illustrated notes

Levels and vault maps discovered:
D:1:      erik_arrival_blinker_ship, layout_loops_ring, kennysheep_minor_cross
D:2:      layout_loops_cross, ebering_ecumenical_altar_petrified,
          minmay_misc_feat_rugged, uniq_crazy_yiuf_cottage
D:3:      layout_basic, lightli_temple_of_fire,
          nicolae_overflow_quartered_altars, uniq_robin
D:4:      layout_cave_pools, mainiacjoe_overflow_concentric_impassable,
          minmay_temple_entry_glassed_door, serial_shops,
          nicolae_shop_statue_plus, shop, shop, nicolae_shop_window_shopping,
          nicolae_shop_competitors_out_of_business, minivault_4,
          minmay_statues_item, uniq_ijyb, uniq_sigmund, uniq_natasha,
          uniq_grinder

Skill      XL: |  1  2  3  4  5 |
---------------+----------------+-----
Fighting       | 2 3 |  3.1
Armour         | 1 2 |  2.7
Shields        | 1 2 3 |  3.8
Crossbows      | |  4.0
Stealth        | |  2.4
Spellcasting   | |  1.1
Conjurations   | |  1.7

Action                   |  1- 3 |  4- 6 || total
-------------------------+-------+-------++-------
Melee: Dagger            |    69 |       ||    69
       Spear             |   104 |   230 ||   334
 Abil: Dig               |       |    11 ||    11
  Use: Potion            |       |     1 ||     1
Armor: Chain mail        |   104 |   165 ||   269
Dodge: Dodged            |    66 |    95 ||   161
Block: Buckler           |     6 |    46 ||    52

Table legend: (Time is in decaauts)
 A = Elapsed time spent in this place.
 B = Non-inter-level travel time spent in this place.
 C = Inter-level travel time spent in this place.
 D = Time resting spent in this place.
 E = Time spent auto-exploring this place.
 F = Levels seen in this place.
 G = Mean time per level.
                   A        B        C        D        E       F      G
               +--------+--------+--------+--------+--------+-----+--------+
         Total |   4956 |   4844 |    112 |    793 |   3129 |   4 | 1239.0 |
       Dungeon |   4956 |   4844 |    112 |    793 |   3129 |   4 | 1239.0 |
               +--------+--------+--------+--------+--------+-----+--------+

Top non-repeatable levels by time:
     D:2: 1878 daAuts
     D:1: 1462 daAuts
     D:3: 1424 daAuts
     D:4: 192 daAuts
